AoeStats
← Hitman4Hire24

Arena

510906195Analyzed
4v4 RM · 9h ago on Oct 3, 2026· 41m 29s· 8 players
Game mode
Random Map
Map size
Large (8 player)
Population
200
Speed
Normal
Resources
Standard
Victory
Conquest
Starting age
Dark Age
Ending age
Imperial Age
RankedLock teamsTeams togetherTeam positionsShared explorationLock speedFull tech treeHidden civsTurbo modeCheats
Victory
Defeat
🇧🇷 Mongols · Brazil
905
+7
🇺🇸 Portuguese · United States
834
+9
🇨🇴 Bohemians · Colombia
824
+10
🇺🇸 Lithuanians · United States
814
+10
🇺🇸 Mongols · United States
703
-10
🇺🇸 Inca · United States
700
-10
🇳🇨 Burgundians · New Caledonia
683
-9
🇺🇸 Bohemians · United States
630
-7
dajaegbu
6:31 Loom
11:58 Feudal Age
12:50 Double-Bit Axe
14:09 Wheelbarrow
13:16 Horse Collar
17:40 Castle Age
18:57 Bow Saw
26:31 Bloodlines
27:20 Husbandry
31:04 Imperial Age
30:50 Man-at-Arms
32:19 Cavalier
38:04 Elite Organ Gun
40:41 Scale Barding Armor
40:46 Forging
VersedSeal9311
1:08 Loom
4:23 Loom
11:55 Feudal Age
16:59 Castle Age
15:19 Horse Collar
15:51 Double-Bit Axe
16:31 Gold Mining
25:07 Caravan
25:18 Heavy Plow
27:12 Husbandry
27:23 Bloodlines
27:54 Stone Mining
28:42 Fletching
29:43 Forging
29:40 Scale Barding Armor
29:03 Elite Skirmisher
30:44 Wheelbarrow
32:19 Stone Shaft Mining
32:24 Iron Casting
33:20 Bow Saw
34:04 Hand Cart
35:20 Chain Barding Armor
34:55 Bodkin Arrow
39:41 Imperial Age
37:38 Ballistics
37:14 Murder Holes
37:00 Treadmill Crane
39:37 Padded Archer Armor
39:37 Scale Mail Armor
38:59 Pikeman
41:38 Chemistry
41:04 Leather Archer Armor
42:30 Two-Man Saw
40:57 Light Cavalry
mojarra
9:53 Loom
11:49 Feudal Age
17:38 Castle Age
20:18 Double-Bit Axe
26:25 Horse Collar
31:27 Chemistry
37:09 Heavy Plow
Holy_Jesus
9:44 Feudal Age
15:27 Castle Age
13:25 Horse Collar
14:48 Double-Bit Axe
16:57 Bow Saw
23:34 Heavy Plow
23:44 Stone Mining
23:49 Gold Mining
27:16 Wheelbarrow
27:08 Scale Barding Armor
31:12 Imperial Age
28:31 Light Cavalry
29:23 Bloodlines
30:33 Gold Shaft Mining
30:50 Hand Cart
30:40 Husbandry
31:09 Chain Barding Armor
30:59 Forging
32:02 Caravan
32:32 Conscription
31:45 Elite Mangudai
32:41 Fletching
33:09 Hussar
40:21 Bodkin Arrow
40:27 Padded Archer Armor
41:02 Iron Casting
drtySASQUATCH69
0:35 Loom
18:28 Feudal Age
20:26 Wheelbarrow
19:45 Gold Mining
19:41 Horse Collar
19:54 Stone Mining
21:27 Double-Bit Axe
22:13 Forging
22:09 Scale Barding Armor
23:25 Bloodlines
27:29 Castle Age
29:33 Hand Cart
29:26 Heavy Plow
30:07 Gold Shaft Mining
30:37 Bow Saw
30:36 Caravan
31:16 Iron Casting
31:01 Chain Barding Armor
30:33 Fletching
30:44 Padded Archer Armor
31:24 Husbandry
33:22 Bodkin Arrow
41:01 Imperial Age
Scoobydoo117778
1:04 Loom
11:41 Feudal Age
12:07 Double-Bit Axe
12:29 Horse Collar
16:08 Wheelbarrow
19:55 Castle Age
17:53 Town Watch
22:24 Bow Saw
22:07 Pikeman
22:49 Squires
22:35 Arson
31:21 Imperial Age
30:54 Chemistry
32:25 Fletching
33:45 Bodkin Arrow
35:19 Two-Man Saw
Hitman4Hire24
0:28 Loom
12:15 Feudal Age
13:43 Wheelbarrow
12:58 Double-Bit Axe
14:26 Town Watch
14:25 Horse Collar
15:31 Champi Runner
16:41 Arson
20:07 Gold Mining
21:48 Stone Mining
22:16 Forging
22:29 Fletching
23:35 Scale Mail Armor
23:36 Padded Archer Armor
29:54 Castle Age
29:58 Crossbowman
30:44 Thumb Ring
31:12 Town Patrol
32:42 Redemption
37:08 Andean Sling
37:31 Hand Cart
38:58 Murder Holes
38:44 Treadmill Crane
39:15 Fortified Wall
La_starlette_du988
2:46 Wheelbarrow
13:01 Feudal Age
12:26 Loom
13:17 Double-Bit Axe
14:00 Town Watch
14:55 Bow Saw
15:23 Horse Collar
17:23 Heavy Plow
18:12 Stone Mining
18:20 Gold Mining
20:25 Stone Shaft Mining
20:43 Gold Shaft Mining
22:00 Hand Cart
26:26 Castle Age
26:22 Fletching
26:42 Forging
26:33 Scale Mail Armor
29:22 Town Patrol
35:56 Imperial Age
33:24 Guard Tower
36:18 Imperial Age
35:02 Fortified Wall
35:04 Masonry
34:53 Bodkin Arrow
36:34 Man-at-Arms
37:15 Squires
37:00 Arson
37:36 Cavalier
38:17 Husbandry
37:37 Light Cavalry
39:06 Conscription
39:22 Hoardings
39:13 Bracer
39:49 Iron Casting
39:29 Chain Mail Armor
39:26 Scale Barding Armor
39:48 Long Swordsman
Connection lost

Rejoining the realm…

Still unreachable

The connection could not be restored.

Session expired

The server has moved on; the page needs a fresh start.